 Dungeon Crawl Stone Soup version 0.30-a0-627-gc11e7ae810 (webtiles) character file.

Game seed: 14953032362666332868

1836 Dartaoz the Skirmisher (level 8, 42/42 HPs)
             Began as a Spriggan Hunter on Jan 12, 2023.
             Was an Initiate of Yredelemnul.
             Quit the game on level 7 of the Dungeon.
             The game lasted 00:20:22 (7545 turns).

Dartaoz the Skirmisher (Spriggan Hunter)            Turns: 7545, Time: 00:20:23

Health: 42/42      AC:  5    Str: 13    XL:     8   Next: 87%
Magic:  9/9        EV: 22    Int: 16    God:    Yredelemnul [......]
Gold:   275        SH:  0    Dex: 21    Spells: 7/7 levels left

rFire   . . .      SeeInvis +    a - +1 shortbow
rCold   . . .      Faith    .    (shield currently unavailable)
rNeg    . . .      Spirit   .    c - +0 robe
rPois   .          Reflect  .    (helmet restricted)
rElec   .          Harm     .    E - +2 cloak
rCorr   .          Rampage  .    (gloves unavailable)
Will    +....                    (boots unavailable)
Stlth   +++                      (no amulet)
HPRegen 0.27/turn                i - +6 ring of intelligence
MPRegen 0.11/turn                D - +6 ring of strength

@: very quick
A: very small, no large weapons, unfitting armour, see invisible, speed 3
a: Renounce Religion, Recall Undead Harvest


You were on level 7 of the Dungeon.
You worshipped Yredelemnul.
Yredelemnul was noncommittal.
You visited 2 branches of the dungeon, and saw 8 of its levels.
You also visited: Sewer.

You collected 275 gold pieces.

Inventory:

Hand Weapons
 a - a +1 shortbow (weapon)
Armour
 c - a +0 robe (worn)
 j - a scarf of resistance
 E - a +2 cloak (worn)
Jewellery
 i - a +6 ring of intelligence (left hand)
 D - a +6 ring of strength (right hand)
Wands
 B - a wand of flame (9)
 G - a wand of polymorph (4)
Scrolls
 b - 2 scrolls of immolation
 d - a scroll of butterflies {unknown}
 e - a scroll of enchant weapon
 f - 2 scrolls of teleportation {unknown}
 h - 2 scrolls of magic mapping
 k - 4 scrolls of fear {unknown}
 m - 2 scrolls of enchant armour {unknown}
 n - a scroll of amnesia {unknown}
 u - a scroll of poison {unknown}
 w - a scroll of fog {unknown}
 x - a scroll of brand weapon {unknown}
 y - 2 scrolls of vulnerability {unknown}
 C - a scroll of torment {unknown}
 F - a scroll of noise {unknown}
 J - 2 scrolls of blinking {unknown}
Potions
 g - 3 potions of lignification
 l - 3 potions of heal wounds
 o - a potion of magic {unknown}
 p - 5 potions of mutation
 q - 2 potions of flight {unknown}
 r - 5 potions of haste {unknown}
 s - 3 potions of cancellation {unknown}
 t - a potion of resistance {unknown}
 v - a potion of berserk rage {unknown}
 z - 2 potions of might {unknown}
 A - 2 potions of degeneration {unknown}
 H - 2 potions of brilliance {unknown}
 I - 2 potions of curing


   Skills:
 + Level 4.2 Fighting
 + Level 9.5 Ranged Weapons
 + Level 6.8 Dodging
 - Level 5.0 Stealth
 + Level 1.3 Invocations


You had 7 spell levels left.
You didn't know any spells.
Your spell library contained the following spells:

 Spells                   Type           Power      Damage    Failure   Level
 Kiss of Death            Conj/Necr      0%         2d5       26%         1
 Summon Small Mammal      Summ           0%         N/A       26%         1
 Momentum Strike          Conj/Tloc      0%         3d8       36%         2
 Sublimation of Blood     Necr           0%         N/A       36%         2
 Wereblood                Tmut           0%         N/A       36%         2
 Call Canine Familiar     Summ           0%         N/A       58%         3
 Frozen Ramparts          Ice            0%         1d1       58%         3
 Hailstorm                Conj/Ice       0%         3d3       58%         3
 Ignite Poison            Fire/Tmut/Pois 0%         N/A       58%         3
 Kindle Blastsparks       Fire/Tloc/Air  0%         2d10      58%         3
 Stone Arrow              Conj/Erth      0%         3d7       58%         3
 Summon Guardian Golem    Hex/Summ       0%         N/A       58%         3
 Fulminant Prism          Conj/Hex       0%         3d5       94%         4
 Ice Form                 Ice/Tmut       0%         N/A       94%         4
 Iskenderun's Mystic Bla  Conj/Tloc      0%         2d3       94%         4
 Summon Ice Beast         Ice/Summ       0%         N/A       94%         4
 Freezing Cloud           Conj/Ice/Air   0%         6-21      100%        5
 Lee's Rapid Deconstruct  Erth           0%         3d4*      100%        5
 Summon Hydra             Summ           0%         N/A       100%        7


Dungeon Overview and Level Annotations

Branches:
Dungeon (7/15)             Temple (1/1) D:7           Sewer (visited)

Altars:
Ashenzari
Cheibriados
Dithmenos
Elyvilon
Fedhas
Gozag
Hepliaklqana
Nemelex Xobeh
Okawaru
Qazlal
Ru
Sif Muna
Uskayaw
Vehumet
Wu Jian
Yredelemnul
Zin
The Shining One

Shops:
D:3 **[?

Annotations:
D:7 3 runed translucent doors, bosakos's ghost, novice DECj; bosakos's ghost, novice GnWn; voshxx's ghost, novice TrFi


Innate Abilities, Weirdness & Mutations

You are very small and have problems with some larger weapons.
You are too small for most types of armour.
You have supernaturally acute eyesight. (SInv)
You cover ground extremely quickly. (Speed+++)


Message History

The bullfrog completely misses you. x2
You shoot an arrow. The arrow misses the bullfrog.
The bullfrog hits you but does no damage.
You shoot an arrow. The arrow hits the bullfrog.
You kill the bullfrog!
The dead are hopping!
You swap places.
J - 2 scrolls labelled KAFILA BIABA (gained 1)
You now have 275 gold pieces (gained 12).
There is an open door here.
You open the door.
There is an open door here.
You open the door.
There is an open door here.
You open the door.
There is an open door here.
Found a scimitar.
Bosakos's ghost turns its malevolent gaze towards you.
You see here a +0 flail.
You open the door.
There is an open door here.
You open the door.
There is an open door here.
A sky beast comes into view.
You shoot an arrow.
The arrow hits the sky beast but does no damage.
You shoot an arrow. The arrow barely misses the sky beast.
The sky beast flickers out of sight for a moment.
You shoot an arrow. The arrow misses the sky beast.
You swap places.
The sky beast hits your bullfrog zombie.
The sky beast shocks your bullfrog zombie.
Really fire in your bullfrog zombie's direction?
Okay, then.
Your bullfrog zombie closely misses the sky beast.
The sky beast hits your bullfrog zombie.
The sky beast shocks your bullfrog zombie.
Unknown command.
Unknown command.
Are you sure you want to abandon this character and quit the game? (Confirm with "yes".)

###+++### #.# #!........# #.#
#.# #8...W...8# #.# #.#
#)...W.../# #.# #.# #...W.....#
#.# #.# ##8.....8## ####.# #.# #
# #### ##....# #.###.##.
##########..####...#####........
..'.........'...@...ZY~.........
###.........####...######.......
# ##.......## ##..# ....... #
##.....## ##.# ....... # ##...##
#.## ....... # ##+## #..#
....... # #.# ##.# .......
#######.##### #.# #.....#
............# #.#


You could see a sky beast (ally target) and a friendly bullfrog zombie.

Vanquished Creatures
  Edmund (D:6)
  Menkaure (D:4)
  A black bear (D:5)
  2 ogres
  A centaur (D:6)
  2 necrophages
  A bullfrog (D:7)
  5 scorpions
  2 howler monkeys
  A hound (D:6)
  An orc priest (D:7)
  3 jellies
  A gnoll bouda (D:5)
  3 iguanas
  2 orc wizards
  11 adders
  6 gnolls (D:5)
  10 river rats
  2 white imps
  An ufetubus (D:6)
  A worm (D:5)
  A dart slug (D:5)
  16 orcs
  18 ball pythons
  6 endoplasms
  2 giant cockroaches (D:3)
  5 hobgoblins
  3 jackals (D:2)
  22 kobolds
  4 quokkas
  6 bats
  8 frilled lizards
  4 goblins
  17 rats
170 creatures vanquished.

Vanquished Creatures (others)
  An orc zombie (D:7)
  9 plants
10 creatures vanquished.

Grand Total: 180 creatures vanquished

Notes
Turn   | Place    | Note
-------+----------+-------------------------------------------
     0 | D:1      | Dartaoz the Spriggan Hunter began the quest for the Orb.
     0 | D:1      | Reached XP level 1. HP: 10/10 MP: 2/2
   323 | D:1      | Reached XP level 2. HP: 14/14 MP: 3/3
  1559 | D:2      | Reached XP level 3. HP: 18/18 MP: 4/4
  1797 | D:2      | Reached skill level 5 in Ranged Weapons
  2483 | D:3      | Reached XP level 4. HP: 22/22 MP: 5/5
  2636 | D:3      | Found Qigas's Magic Scroll Boutique.
  2644 | D:3      | Found Ephasout's Armour Shoppe.
  2657 | D:3      | Got Geakolocu's Dissertation on Arcane Combat
  2676 | D:3      | Found Pipioff's General Store.
  2713 | D:3      | Found Kabis's Assorted Antiques.
  2795 | D:3      | Reached skill level 6 in Ranged Weapons
  2813 | D:3      | Found a glowing drain.
  3011 | Sewer    | Entered a sewer
  3145 | Sewer    | Reached XP level 5. HP: 22/25 MP: 6/6
  3506 | Sewer    | Reached skill level 7 in Ranged Weapons
  3978 | D:4      | Reached XP level 6. HP: 30/30 MP: 7/7
  4017 | D:4      | Noticed Menkaure
  4023 | D:4      | Killed Menkaure
  4024 | D:4      | Reached skill level 8 in Ranged Weapons
  4115 | D:4      | Reached XP level 7. HP: 34/34 MP: 8/8
  4849 | D:5      | Entered Level 5 of the Dungeon
  5499 | D:5      | Reached XP level 8. HP: 39/39 MP: 9/9
  5606 | D:5      | Reached skill level 5 in Stealth
  5840 | D:6      | Noticed Edmund
  5974 | D:6      | Reached skill level 5 in Dodging
  6095 | D:6      | Found a sacrificial altar of Ru.
  6102 | D:6      | Reached skill level 9 in Ranged Weapons
  6312 | D:6      | Identified the +1 short sword of the Jester {speed, MP+9
                  | Dex+4 Stlth+}
  6518 | D:6      | Killed Edmund
  7102 | D:7      | Found a staircase to the Ecumenical Temple.
  7109 | Temple   | Entered the Ecumenical Temple
  7117 | Temple   | Became a worshipper of Yredelemnul the Dark
  7148 | D:7      | Reached * piety under Yredelemnul
  7149 | D:7      | Reached skill level 1 in Invocations
  7158 | D:7      | Found a runed translucent gate.
  7158 | D:7      | Found a runed translucent gate.
  7159 | D:7      | Found a runed translucent gate.
  7160 | D:7      | Noticed bosakos's ghost (novice GnWn)
  7160 | D:7      | Noticed voshxx's ghost (novice TrFi)
  7481 | D:7      | Noticed bosakos's ghost (novice DECj)
  7545 | D:7      | Quit the game

Illustrated notes

Levels and vault maps discovered:
D:1:      nicolae_arrival_somewhat_less_tricky_arrival, layout_basic,
          serial_bayou_pond_c
D:2:      layout_basic, serial_forest, infiniplex_forest_clump_double,
          infiniplex_forest_clump_C, infiniplex_forest_join,
          infiniplex_forest_lined_ring, infiniplex_forest_clump_tiny,
          infiniplex_forest_clump_diagonal, infiniplex_forest_straight_4,
          infiniplex_forest_end_1
D:3:      layout_basic, portal_sewer_entry_e, serial_shops, shop,
          nicolae_shop_hallway_plus, nicolae_shop_statue_plus, shop,
          minivault_11, st_stairs_11, nicolae_half_adder
D:4:      layout_basic, uniq_menkaure
D:5:      layout_loops_ring
D:6:      layout_basic, nicolae_ru_sacrificial_ziggurat, uniq_edmund
D:7:      layout_loops_corners, minmay_temple_entry_arrows,
          gammafunk_ghost_cemetery
Temple:   sentei_temple_godly_chess

Skill      XL: |  1  2  3  4  5  6  7  8 |
---------------+-------------------------+-----
Ranged Weapons | 5 6 7 8 9 |  9.5
Dodging        | 3 4 6 |  6.8
Stealth        | 2 4 5 |  5.0
Fighting       | 2 4 |  4.2
Invocations    | 1 |  1.3

Action                   |  1- 3 |  4- 6 |  7- 9 || total
-------------------------+-------+-------+-------++-------
 Fire: Shortbow          |    99 |   233 |   246 ||   578
  Use: Scroll            |       |       |     5 ||     5
       Potion            |       |       |     1 ||     1
Armor: Robe              |     2 |    10 |     9 ||    21
Dodge: Dodged            |    21 |    71 |    80 ||   172

Table legend: (Time is in decaauts)
 A = Elapsed time spent in this place.
 B = Non-inter-level travel time spent in this place.
 C = Inter-level travel time spent in this place.
 D = Time resting spent in this place.
 E = Time spent auto-exploring this place.
 F = Levels seen in this place.
 G = Mean time per level.
                   A        B        C        D        E       F      G
               +--------+--------+--------+--------+--------+-----+--------+
         Total |   5171 |   5031 |    140 |     29 |   3847 |   9 |  574.6 |
       Dungeon |   4494 |   4354 |    140 |     29 |   3426 |   7 |  642.0 |
        Temple |     10 |     10 |      0 |      0 |      1 |   1 |   10.0 |
         Sewer |    666 |    666 |      0 |      0 |    419 |   1 |  666.0 |
               +--------+--------+--------+--------+--------+-----+--------+

Top non-repeatable levels by time:
     D:2: 835 daAuts
     D:6: 773 daAuts
     D:4: 740 daAuts
   Sewer: 666 daAuts
     D:1: 651 daAuts
     D:5: 610 daAuts
     D:3: 506 daAuts
     D:7: 376 daAuts
  Temple: 10 daAuts
